 Dungeon Crawl Stone Soup version 0.18-a0-1028-g6e46bd4 (webtiles) character file.

103 Enroth the Slasher (level 4, -12/31 HPs)
             Began as a High Elf Fighter on Jan 9, 2016.
             Mangled by an ogre
             ... wielding a +0 giant club
              (20 damage)
             ... on level 3 of the Dungeon.
             The game lasted 00:07:10 (2112 turns).

Enroth the Slasher (High Elf Fighter)               Turns: 2112, Time: 00:07:10

Health: -12/31     AC:  6    Str: 16    XL:     4   Next: 51%
Magic:  5/5        EV:  9    Int: 12    God:
Gold:   179        SH:  9    Dex: 14    Spells: 0 memorised, 3 levels left

rFire  . . .     SeeInvis .     a - +0 long sword
rCold  . . .     Gourm    .     b - +0 scale mail
rNeg   . . .     Faith    .     c - +0 shield
rPois  .         Spirit   .     (no helmet)
rElec  .         Dismiss  .     (no cloak)
rCorr  .         Reflect  .     (no gloves)
SustAt .         Harm     .     (no boots)
MR     .....                    (no amulet)
Stlth  ..........               (no ring)
                                d - +3 ring of evasion

@: not resistant to hostile enchantments, extremely unstealthy
A: no striking features
a: no special abilities


You were on level 3 of the Dungeon.
You were not hungry.

You visited 1 branch of the dungeon, and saw 3 of its levels.

You collected 179 gold pieces.

Inventory:

Hand Weapons
 a - a +0 long sword (weapon)
Armour
 b - a +0 scale mail (worn)
 c - a +0 shield (worn)
 q - a +0 pair of boots
Jewellery
 d - a +3 ring of evasion (left hand)
Scrolls
 e - a scroll of noise {unknown}
 g - a scroll of recharging {unknown}
 m - 3 scrolls of identify {unknown}
 o - a scroll of teleportation {unknown}
 p - a scroll of magic mapping {unknown}
Potions
 i - 2 potions of ambrosia
 j - a potion of curing {unknown}
Comestibles
 f - 2 bread rations
 h - a meat ration


   Skills:
 + Level 3.4 Fighting
 * Level 4.3 Long Blades
 + Level 3.3 Armour
 + Level 3.0 Shields


You had 3 spell levels left.
You didn't know any spells.

Dungeon Overview and Level Annotations

Branches:
Dungeon (3/15)

Altars:
Kikubaaqudgha
Pakellas
Ru
Sif Muna
Yredelemnul


Message History

You now have 179 gold pieces (gained 4).
HP restored.
An ogre comes into view. It is wielding a giant club.
The ogre shouts!
You block the ogre's attack.
You slash the ogre!
The ogre is moderately wounded.
The ogre hits you with a giant club!!
Ouch! That really hurt!
* * * LOW HITPOINT WARNING * * *
You hit the ogre but do no damage.
The ogre is moderately wounded.
You block the ogre's attack.
You slash the ogre!
The ogre is severely wounded.
You block the ogre's attack.
You hit the ogre but do no damage.
The ogre is severely wounded.
The ogre hits you with a giant club!!
Ouch! That really hurt!
You die...

## #. .. . ##.
#.#.. #.###.#
#.#.# #..O.#
###.... #@#
#######......
#.#
#.....#.P.P.#
#.#
##.....#.._...
#.#
#........P.P.#
###.#
#............#
#...#
#.......###...
#.###
#.##>##<# ####
#.#####.##.
#.# #
#..........
.<# #


You could see an ogre.

Vanquished Creatures
  2 adders (D:2)
  4 gnolls (D:2)
  A worm (D:3)
  5 bats
  2 giant cockroaches (D:1)
  5 goblins
  8 hobgoblins
  A jackal (D:2)
  A quokka (D:2)
  2 ball pythons (D:2)
  2 giant newts
  8 kobolds
  5 rats
46 creatures vanquished.

Vanquished Creatures (others)
  An iguana (D:2)
1 creature vanquished.

Grand Total: 47 creatures vanquished

Notes
Turn   | Place    | Note
--------------------------------------------------------------
     0 | D:1      | Enroth the High Elf Fighter began the quest for the Orb.
     0 | D:1      | Reached XP level 1. HP: 16/16 MP: 2/2
   261 | D:1      | Reached XP level 2. HP: 19/21 MP: 3/3
   770 | D:2      | Found a deep blue altar of Sif Muna.
   880 | D:2      | Reached XP level 3. HP: 14/26 MP: 4/4
  1194 | D:2      | Reached skill level 4 in Long Blades
  1194 | D:2      | Reached XP level 4. HP: 25/31 MP: 5/5
  1322 | D:2      | Found an ancient bone altar of Kikubaaqudgha.
  1673 | D:2      | Found an oddly glowing altar of Pakellas.
  1673 | D:2      | Noticed an orange crystal statue
  1807 | D:3      | Found a basalt altar of Yredelemnul.
  1821 | D:3      | Found a sacrificial altar of Ru.
  2108 | D:3      | Noticed an ogre
  2112 | D:3      | Mangled by an ogre

Vault maps used:
D:1:      dpeg_arrival_line_fractal
D:2:      lemuel_round_altar, gammafunk_pakellas_statue_experiment,
          lemuel_blue_sif_altar
D:3:      yredelemnul_altar_generic, nicolae_ru_sacrificial_ziggurat,
          uniq_grinder

Action                   |  1- 3 |  4- 6 || total
-------------------------+-------+-------++-------
Melee: Long sword        |   109 |    63 ||   172
  Use: Potion            |     1 |     6 ||     7
  Eat: Chunk             |     1 |     3 ||     4
